[Event "34rd NATO Championship 2024"]
[Site "Rhodes"]
[Date "2024.10.22"]
[Round "3.34"]
[White "Koops, Janis"]
[Black "Ivsek, Cveto"]
[Result "1-0"]
[ECO "B10"]
[WhiteElo "1990"]
[BlackElo "1839"]
[Annotator "RC"]
[PlyCount "109"]
[EventDate "2024.09.18"]
[EventType "swiss"]
[EventCountry "GRE"]
[SourceTitle "playchess.com"]
[Source "ChessBase"]
[SourceQuality "1"]
[TimeControl "5400+30"]

1. e4 c6 2. c4 d5 3. cxd5 cxd5 4. Bb5+ Bd7 5. Bxd7+ Qxd7 6. e5 Nc6 7. d4 e6 8. Ne2 Bb4+ 9. Nbc3 Nge7 10. O-O Nf5 11. g4 Bxc3 12. bxc3 Nfe7 13. Nf4 g6 14. Nd3 b6 15. Ba3 Na5 16. Nb2 Rc8 17. Qf3 Nc4 18. Qf6 Rg8 19. Nxc4 Rxc4 20. Rfc1 Nc6 21. Qh4 h5 22. Bd6 Qd8 23. g5 Ne7 24. Qf4 Nf5 25. Bb4 Rh8 26. h4 Qd7 27. Rab1 Qc6 28. a4 Kd7 29. a5 Rb8 30. Bd6 Rb7 31. a6 Rc7 32. Bxc7 Kxc7 33. Qd2 Nxh4 34. Qb2 Nf3+ 35. Kg2 Nxg5 36. Qa3 Ne4 37. Qf8 b5 38. Qe7+ Qd7 39. Qxd7+ Kxd7 40. Rxb5 Rc7 41. Rc2 Kc8 42. Rb3 Rc6 43. f3 Ng5 44. Ra3 Rb6 45. c4 Rc6 46. c5 Nh7 47. Rb2 Nf8 48. Rb6 Rc7 49. c6 axb6 50. a7 Rxa7 51. Rxa7 Nh7 52. Rxf7 Ng5 53. Rg7 b5 54. Rg8+ Kc7 55. Rxg6 1-0

[Event "34rd NATO Championship 2024"]
[Site "Rhodes"]
[Date "2024.10.22"]
[Round "3.35"]
[White "Huidiu, Vasile-Cristian"]
[Black "Lebrun, Roger"]
[Result "1/2-1/2"]
[ECO "E61"]
[WhiteElo "1729"]
[BlackElo "1984"]
[Annotator "RC"]
[PlyCount "100"]
[EventDate "2024.09.18"]
[EventType "swiss"]
[EventCountry "GRE"]
[SourceTitle "playchess.com"]
[Source "ChessBase"]
[SourceQuality "1"]
[TimeControl "5400+30"]

1. d4 Nf6 2. c4 g6 3. Nf3 Bg7 4. Nc3 O-O 5. Bg5 d6 6. e3 Nbd7 7. Be2 c6 8. O-O h6 9. Bh4 g5 10. Bg3 Nh5 11. Qc2 Nxg3 12. hxg3 e5 13. dxe5 dxe5 14. Rad1 Qe7 15. e4 Nc5 16. Rfe1 Ne6 17. Qb1 a5 18. Na4 Qb4 19. b3 Nc5 20. Nxc5 Qxc5 21. Rd2 Be6 22. Red1 Rfe8 23. Ne1 g4 24. Nc2 Qe7 25. Ne3 Qg5 26. Qc2 h5 27. a3 Bh6 28. c5 h4 29. gxh4 Qxh4 30. g3 Qh5 31. Qc3 Bxe3 32. Qxe3 Kg7 33. Bf1 Rh8 34. Bg2 Qh6 35. Qxh6+ Kxh6 36. Rd6 Kg5 37. R1d3 Kf6 38. f4 gxf3 39. Rxf3+ Ke7 40. Rfd3 Rad8 41. Rxd8 Rxd8 42. Rxd8 Kxd8 43. b4 axb4 44. axb4 Kc7 45. Kf2 b6 46. Ke3 bxc5 47. bxc5 Kb7 48. Bf1 Bb3 49. Kd3 Ba4 50. Kc3 Bd1 1/2-1/2

[Event "34rd NATO Championship 2024"]
[Site "Rhodes"]
[Date "2024.10.22"]
[Round "3.37"]
[White "Cavinato, Ermes"]
[Black "Verlaine, Alexandre"]
[Result "0-1"]
[ECO "B06"]
[WhiteElo "1630"]
[BlackElo "1962"]
[Annotator "RC"]
[PlyCount "90"]
[EventDate "2024.09.18"]
[EventType "swiss"]
[EventCountry "GRE"]
[SourceTitle "playchess.com"]
[Source "ChessBase"]
[SourceQuality "1"]
[TimeControl "5400+30"]

1. e4 d6 2. h3 g6 3. Nf3 Bg7 4. Bc4 Nf6 5. d3 d5 6. exd5 Nxd5 7. c3 O-O 8. O-O c5 9. Re1 Nc6 10. Bg5 Be6 11. Bb3 Qd7 12. Kh2 Rad8 13. Nbd2 h6 14. Be3 b6 15. Bc2 f5 16. Nb3 Nxe3 17. fxe3 Ne5 18. d4 Nxf3+ 19. Qxf3 Bd5 20. Qf2 Qc6 21. Rad1 Kh8 22. Nc1 e5 23. Ne2 Bc4 24. b3 Bxe2 25. Rxe2 cxd4 26. cxd4 exd4 27. exd4 Qd6+ 28. Kh1 Bxd4 29. Red2 Bxf2 30. Rxd6 Rxd6 31. Rxd6 Kg7 32. g4 a5 33. Kg2 Bc5 34. Rc6 Rf7 35. a3 Bxa3 36. Rxb6 Rc7 37. Bd3 Rc3 38. Bc4 f4 39. Rb7+ Kf6 40. Rb6+ Kg5 41. Rb5+ Kh4 42. Rxa5 Bd6 43. Ra6 f3+ 44. Kf2 Bc5+ 45. Kf1 Rc1# 0-1

[Event "34rd NATO Championship 2024"]
[Site "Rhodes"]
[Date "2024.10.22"]
[Round "3.39"]
[White "Hart, David P O"]
[Black "Tikerpuu, Mati"]
[Result "1/2-1/2"]
[ECO "B00"]
[WhiteElo "2003"]
[BlackElo "1933"]
[Annotator "RC"]
[PlyCount "71"]
[EventDate "2024.09.18"]
[EventType "swiss"]
[EventCountry "GRE"]
[SourceTitle "playchess.com"]
[Source "ChessBase"]
[SourceQuality "1"]
[TimeControl "5400+30"]

1. d4 e6 2. e4 b6 3. Nf3 Bb7 4. Bd3 c5 5. c3 Nf6 6. Bg5 h6 7. Bxf6 Qxf6 8. e5 Qf4 9. Be2 Nc6 10. O-O Be7 11. Qc1 Qxc1 12. Rxc1 O-O 13. Nbd2 Rfd8 14. Nc4 Ba6 15. Bf1 Bxc4 16. Bxc4 d5 17. exd6 Bxd6 18. Bb5 Ne7 19. g3 Nf5 20. Rd1 cxd4 21. Nxd4 Nxd4 22. Rxd4 Bc5 23. Rd3 Rxd3 24. Bxd3 Rd8 25. Rd1 Kf8 26. Kf1 Ke7 27. b4 Bd6 28. Ke2 Rc8 29. Kd2 Be5 30. Rc1 Bf6 31. a4 a5 32. bxa5 bxa5 33. c4 Rb8 34. Rb1 Rxb1 35. Bxb1 Kd6 36. Be4 1/2-1/2

[Event "34rd NATO Championship 2024"]
[Site "Rhodes"]
[Date "2024.10.22"]
[Round "3.42"]
[White "Filipow, Mateusz"]
[Black "Violini, Paolo"]
[Result "1-0"]
[ECO "B24"]
[WhiteElo "1843"]
[BlackElo "1949"]
[Annotator "RC"]
[PlyCount "121"]
[EventDate "2024.09.18"]
[EventType "swiss"]
[EventCountry "GRE"]
[SourceTitle "playchess.com"]
[Source "ChessBase"]
[SourceQuality "1"]
[TimeControl "5400+30"]

1. e4 c5 2. Nc3 Nc6 3. f4 g6 4. Nf3 Bg7 5. d3 e6 6. g3 Nge7 7. Bg2 O-O 8. O-O d5 9. g4 Nd4 10. Nxd4 Bxd4+ 11. Kh1 Bg7 12. Qe1 dxe4 13. dxe4 Bd7 14. Ne2 Ba4 15. f5 exf5 16. gxf5 Qb6 17. Qh4 f6 18. b3 Bd7 19. Ng3 Qb4 20. Bb2 Rad8 21. Qf4 Qb6 22. Rad1 Bc6 23. Rxd8 Qxd8 24. Bf3 Qa5 25. a4 Qb6 26. Qd6 Rf7 27. Ba3 Nxf5 28. Nxf5 gxf5 29. Bxc5 Qc7 30. exf5 Qxd6 31. Bxd6 Rd7 32. Bxc6 bxc6 33. Bc5 Bf8 34. Bxf8 Kxf8 35. Kg2 Rd5 36. Rf3 Rd2+ 37. Rf2 Rd5 38. Kg3 Kf7 39. Kf4 c5 40. Ke4 Rd4+ 41. Ke3 Rd5 42. Rf4 a5 43. Ke4 Rd2 44. c3 Rb2 45. Kd5 Rxb3 46. Kxc5 Rxc3+ 47. Kb5 Rc2 48. h4 h5 49. Kxa5 Rg2 50. Kb5 Rg4 51. Rf1 Rxh4 52. a5 Rh2 53. Ra1 Rf2 54. a6 Rb2+ 55. Ka5 Rb8 56. a7 Ra8 57. Kb6 Ke7 58. Kb7 Rg8 59. a8=Q Rxa8 60. Rxa8 Kd6 61. Rh8 1-0

[Event "34rd NATO Championship 2024"]
[Site "Rhodes"]
[Date "2024.10.22"]
[Round "3.43"]
[White "Van den Heuvel, Tonnie"]
[Black "Farrell, John"]
[Result "1/2-1/2"]
[ECO "A06"]
[WhiteElo "1839"]
[BlackElo "1898"]
[Annotator "NA RC"]
[PlyCount "50"]
[EventDate "2024.09.18"]
[EventType "swiss"]
[EventCountry "GRE"]
[SourceTitle "playchess.com"]
[Source "ChessBase"]
[SourceQuality "1"]
[TimeControl "5400+30"]

1. b3 d5 2. Bb2 Nf6 3. e3 g6 4. Nf3 Bg7 5. d4 O-O 6. Be2 Nbd7 7. O-O c5 8. c4 cxd4 9. exd4 Re8 10. Ne5 Nf8 11. Nd2 Ne6 12. Rc1 Nc7 13. Ndf3 h6 14. Bd3 Bg4 15. Re1 Rc8 16. Nxg4 Nxg4 17. h3 Nf6 18. Ne5 Nd7 19. Qf3 Nxe5 20. dxe5 e6 21. cxd5 Nxd5 22. Bb5 Re7 23. Rxc8 Qxc8 24. Rc1 Rc7 25. Rxc7 Qxc7 1/2-1/2

[Event "34rd NATO Championship 2024"]
[Site "Rhodes"]
[Date "2024.10.22"]
[Round "3.44"]
[White "Heran-Boily, Samuel"]
[Black "Ross, David C"]
[Result "1-0"]
[ECO "C90"]
[WhiteElo "1898"]
[BlackElo "1788"]
[Annotator "NA RC"]
[PlyCount "87"]
[EventDate "2024.09.18"]
[EventType "swiss"]
[EventCountry "GRE"]
[SourceTitle "playchess.com"]
[Source "ChessBase"]
[SourceQuality "1"]
[TimeControl "5400+30"]

1. e4 e5 2. Nf3 Nc6 3. Bb5 a6 4. Ba4 Nf6 5. d3 b5 6. Bb3 Be7 7. O-O d6 8. c3 O-O 9. Re1 Na5 10. Bc2 c5 11. Nbd2 Nc6 12. Nf1 Qb6 13. Ng3 Rd8 14. Qe2 Ra7 15. h3 b4 16. Bd2 a5 17. Ba4 Rc7 18. Be3 Ba6 19. Bxc6 Qxc6 20. c4 Bc8 21. Nh2 Nd7 22. Nf5 Nf8 23. g4 Ne6 24. Qd2 Nd4 25. Bxd4 Bxf5 26. gxf5 cxd4 27. Kh1 f6 28. Rg1 Bf8 29. Rg4 Kf7 30. Rh4 h6 31. Rg4 Ke8 32. Nf3 Kd7 33. Nh4 Kc8 34. Ng6 Qe8 35. a3 Qa4 36. Rgg1 b3 37. Rgc1 Kb7 38. Rg1 Ka6 39. Qd1 Rb8 40. Kg2 Qd7 41. Nxf8 Rxf8 42. Qxb3 Rfc8 43. Qd1 g5 44. b4 1-0

[Event "34rd NATO Championship 2024"]
[Site "Rhodes"]
[Date "2024.10.22"]
[Round "3.45"]
[White "Rosseel, Kimball"]
[Black "Chapman, Chas"]
[Result "1-0"]
[ECO "D05"]
[WhiteElo "1896"]
[BlackElo "1696"]
[Annotator "NA RC"]
[PlyCount "65"]
[EventDate "2024.09.18"]
[EventType "swiss"]
[EventCountry "GRE"]
[SourceTitle "playchess.com"]
[Source "ChessBase"]
[SourceQuality "1"]
[TimeControl "5400+30"]

1. d4 Nf6 2. Nf3 d5 3. e3 e6 4. Bd3 Bd6 5. O-O O-O 6. b3 a6 7. c4 c5 8. Bb2 b6 9. Nbd2 Nbd7 10. Ne5 Bb7 11. Qc2 Qc7 12. f4 cxd4 13. exd4 Rac8 14. Rae1 a5 15. Ndf3 h6 16. Nxd7 Qxd7 17. f5 Bc6 18. fxe6 fxe6 19. Qe2 Rfe8 20. Ne5 Bxe5 21. Qxe5 Qc7 22. Qxc7 Rxc7 23. Bg6 Rec8 24. Rxe6 dxc4 25. bxc4 Bd7 26. Re7 Ba4 27. Rxc7 Rxc7 28. Bd3 Kf7 29. d5 Re7 30. Bd4 Rb7 31. Rb1 Nd7 32. Bf5 Nc5 33. Bxc5 1-0

[Event "34rd NATO Championship 2024"]
[Site "Rhodes"]
[Date "2024.10.22"]
[Round "3.46"]
[White "Dowd, Patrick"]
[Black "Kries, Yvon"]
[Result "1-0"]
[ECO "D00"]
[WhiteElo "1885"]
[BlackElo "1765"]
[Annotator "NA RC"]
[PlyCount "155"]
[EventDate "2024.09.18"]
[EventType "swiss"]
[EventCountry "GRE"]
[SourceTitle "playchess.com"]
[Source "ChessBase"]
[SourceQuality "1"]
[TimeControl "5400+30"]

1. d4 d5 2. Bf4 c5 3. e3 Nc6 4. Nc3 a6 5. Nf3 cxd4 6. Nxd4 Nxd4 7. Qxd4 Nf6 8. O-O-O Be6 9. Be2 g6 10. Bf3 Bg7 11. Bxd5 Bxd5 12. Nxd5 O-O 13. Nxf6+ Bxf6 14. Be5 Qa5 15. Bxf6 exf6 16. Kb1 Qf5 17. Qd2 Rac8 18. f3 Rfe8 19. e4 Qc5 20. c3 Qb5 21. Rhe1 Re6 22. Qd5 Rc5 23. Qd8+ Kg7 24. Qd4 Rec6 25. Rd3 Rc4 26. Qe3 Re6 27. Red1 Qc6 28. Qd2 Qb6 29. Rd6 Rc6 30. Rxc6 Rxc6 31. Qd4 Qb5 32. Kc2 Qg5 33. Rd2 Re6 34. g3 Qa5 35. Qd5 Qa4+ 36. Qb3 Qc6 37. Rd4 b5 38. Qd5 Qb6 39. Qd8 Qc5 40. Qd5 Qb6 41. h4 Qb8 42. f4 Qc8 43. Kd2 Qc7 44. Qd7 Qb6 45. Qd8 Qc6 46. Kd3 f5 47. exf5 Qf3+ 48. Kc2 gxf5 49. Qg5+ Rg6 50. Qxf5 Qxg3 51. Rd7 Rf6 52. Qg5+ Qxg5 53. fxg5 Re6 54. Kd2 Kg6 55. Kd3 Rc6 56. b3 f6 57. gxf6 Rxf6 58. Re7 h6 59. Re5 Rc6 60. Kd4 Rf6 61. h5+ Kf7 62. c4 bxc4 63. bxc4 Rf4+ 64. Kc5 Rf2 65. a4 Ra2 66. Kb4 Rb2+ 67. Ka5 Rc2 68. c5 Kf6 69. Rd5 Ke6 70. Rd6+ Ke5 71. Kb6 Rc4 72. a5 Rb4+ 73. Kxa6 Rb1 74. Rxh6 Kd5 75. c6 Rc1 76. Kb7 Rb1+ 77. Kc8 Ra1 78. c7 1-0

[Event "34rd NATO Championship 2024"]
[Site "Rhodes"]
[Date "2024.10.22"]
[Round "3.47"]
[White "Papler, Peter"]
[Black "Middaugh, Jon S"]
[Result "1/2-1/2"]
[ECO "C11"]
[WhiteElo "1780"]
[BlackElo "1877"]
[Annotator "NA RC"]
[PlyCount "60"]
[EventDate "2024.09.18"]
[EventType "swiss"]
[EventCountry "GRE"]
[SourceTitle "playchess.com"]
[Source "ChessBase"]
[SourceQuality "1"]
[TimeControl "5400+30"]

1. e4 e6 2. Nf3 d5 3. Nc3 Nf6 4. e5 Nfd7 5. d4 c5 6. Ne2 cxd4 7. Nexd4 Bc5 8. c3 Nc6 9. Bb5 Bxd4 10. Nxd4 Ncxe5 11. O-O a6 12. Ba4 O-O 13. Bc2 Ng6 14. f4 Nf6 15. Qf3 Bd7 16. Bd2 Qc7 17. Rae1 Bc6 18. Bc1 Rfe8 19. f5 exf5 20. Qxf5 Re5 21. Qh3 Rh5 22. Qg3 Qxg3 23. hxg3 Re8 24. Rxe8+ Bxe8 25. Bf5 Rxf5 26. Rxf5 Bd7 27. Rf1 b5 28. Bf4 Ne4 29. Rd1 f6 30. Nf3 Ne7 1/2-1/2

[Event "34rd NATO Championship 2024"]
[Site "Rhodes"]
[Date "2024.10.22"]
[Round "3.48"]
[White "Steen, Kris"]
[Black "Woolf, Ben"]
[Result "1/2-1/2"]
[ECO "C01"]
[WhiteElo "1876"]
[BlackElo "1747"]
[Annotator "NA RC"]
[PlyCount "61"]
[EventDate "2024.09.18"]
[EventType "swiss"]
[EventCountry "GRE"]
[SourceTitle "playchess.com"]
[Source "ChessBase"]
[SourceQuality "1"]
[TimeControl "5400+30"]

1. d4 e6 2. e4 d5 3. exd5 exd5 4. Nf3 Nf6 5. Bd3 Be7 6. O-O Bg4 7. Re1 O-O 8. h3 Bxf3 9. Qxf3 c6 10. Bg5 Nbd7 11. Nd2 Re8 12. Re3 Nf8 13. c3 Ne6 14. Bh4 Nd7 15. Bxe7 Rxe7 16. Rae1 Qc7 17. Bf5 Ndf8 18. g3 Rae8 19. h4 a5 20. Qd1 b5 21. Nf3 Nd8 22. Rxe7 Rxe7 23. Kf1 a4 24. Rxe7 Qxe7 25. Qe2 Qxe2+ 26. Kxe2 f6 27. b3 axb3 28. axb3 Kf7 29. Kd3 g6 30. Bc8 Ke7 31. c4 1/2-1/2

[Event "34rd NATO Championship 2024"]
[Site "Rhodes"]
[Date "2024.10.23"]
[Round "4.1"]
[White "Aizpurua, Patrick Emilio"]
[Black "Alexakis, Dimitris"]
[Result "0-1"]
[ECO "A70"]
[WhiteElo "2322"]
[BlackElo "2504"]
[Annotator "RC"]
[PlyCount "72"]
[EventDate "2024.09.18"]
[EventType "swiss"]
[EventCountry "GRE"]
[SourceTitle "playchess.com"]
[Source "ChessBase"]
[SourceQuality "1"]
[TimeControl "5400+30"]

1. d4 Nf6 2. c4 c5 3. d5 e6 4. Nc3 exd5 5. cxd5 d6 6. e4 g6 7. Bd3 Bg7 8. Nf3 a6 9. a4 Bg4 10. h3 Bxf3 11. Qxf3 Nbd7 12. Qd1 O-O 13. O-O Rc8 14. Be3 Re8 15. Re1 c4 16. Bc2 h5 17. f4 Nc5 18. Qf3 Nfd7 19. Bf2 Qa5 20. e5 dxe5 21. f5 e4 22. Nxe4 Ne5 23. Qg3 Ncd3 24. fxg6 fxg6 25. Bxd3 cxd3 26. Nd6 d2 27. Nxc8 h4 28. Qf4 dxe1=Q+ 29. Rxe1 Nf3+ 30. gxf3 Rxe1+ 31. Kg2 Re2 32. Qc4 Qd2 33. d6+ Kf8 34. Qxh4 Bd4 35. Qd8+ Kg7 36. Kg3 Be5+ 0-1

[Event "34rd NATO Championship 2024"]
[Site "Rhodes"]
[Date "2024.10.23"]
[Round "4.2"]
[White "Reizniece-Ozola, Dana"]
[Black "Papasimakopoulos, Alexandros"]
[Result "1/2-1/2"]
[ECO "A13"]
[WhiteElo "2255"]
[BlackElo "2372"]
[Annotator "RC"]
[PlyCount "98"]
[EventDate "2024.09.18"]
[EventType "swiss"]
[EventCountry "GRE"]
[SourceTitle "playchess.com"]
[Source "ChessBase"]
[SourceQuality "1"]
[TimeControl "5400+30"]

1. c4 e6 2. g3 d5 3. Bg2 c6 4. Qc2 Nf6 5. Nf3 Bd6 6. O-O e5 7. d3 O-O 8. e4 dxe4 9. dxe4 Qe7 10. Nc3 Bg4 11. Nh4 Qe6 12. Nd1 Bc5 13. Nf5 g6 14. Nh6+ Kg7 15. Nxg4 Nxg4 16. h3 Nf6 17. Kh2 Re8 18. b3 Bd4 19. Bb2 Bxb2 20. Nxb2 c5 21. Nd3 Nfd7 22. f4 f6 23. h4 Qe7 24. Bh3 Na6 25. Rad1 Nf8 26. fxe5 fxe5 27. Rf3 Ne6 28. Nxe5 Nd4 29. Rxd4 cxd4 30. Rf7+ Qxf7 31. Nxf7 Kxf7 32. Qf2+ Kg8 33. Qxd4 Re7 34. c5 h5 35. c6 b5 36. Qd5+ Kh7 37. Qxb5 Nc7 38. Qb7 Rf8 39. Qxa7 Rff7 40. Bd7 Ne6 41. Qe3 Nc7 42. a4 Nd5 43. Qc5 Nf6 44. Qxe7 Rxe7 45. c7 Rxd7 46. c8=Q Ng4+ 47. Kg1 Rd1+ 48. Kg2 Rd2+ 49. Kf1 Nh2+ 1/2-1/2

[Event "34rd NATO Championship 2024"]
[Site "Rhodes"]
[Date "2024.10.23"]
[Round "4.3"]
[White "Rahmanidis, Petros"]
[Black "Andersen, Hans-Christoph"]
[Result "1-0"]
[ECO "B13"]
[WhiteElo "2219"]
[BlackElo "2229"]
[Annotator "RC"]
[PlyCount "101"]
[EventDate "2024.09.18"]
[EventType "swiss"]
[EventCountry "GRE"]
[SourceTitle "playchess.com"]
[Source "ChessBase"]
[SourceQuality "1"]
[TimeControl "5400+30"]

1. e4 c6 2. d4 d5 3. exd5 cxd5 4. Bd3 Nf6 5. c3 Bg4 6. Qb3 Qc7 7. h3 Bh5 8. Ne2 Bxe2 9. Bf4 Qd7 10. Bxe2 Nc6 11. Nd2 e6 12. O-O Be7 13. Bd3 O-O 14. Nf3 a6 15. a4 Bd6 16. Bxd6 Qxd6 17. Rfe1 Nd7 18. a5 Qc7 19. Qa2 Rad8 20. Bf1 Rfe8 21. Re3 Ne7 22. Bd3 Nc8 23. Rae1 Nd6 24. Nd2 g6 25. g3 Rc8 26. Kg2 Nf6 27. Nb3 Nc4 28. Bxc4 Qxc4 29. Qa3 Nd7 30. Nc1 Qc6 31. Nd3 Qc7 32. Qa2 Qc4 33. Qa1 Qb3 34. Rf3 Rc4 35. Qc1 Ra4 36. Qf4 Rf8 37. Qh6 Qc4 38. Ree3 Qc7 39. Rf4 Re8 40. Ref3 f5 41. g4 Rxa5 42. gxf5 exf5 43. Rxf5 gxf5 44. Rg3+ Qxg3+ 45. Kxg3 Re7 46. Qd6 Rg7+ 47. Kf3 Rb5 48. b4 a5 49. Nc5 Nxc5 50. Qd8+ Kf7 51. dxc5 1-0

[Event "34rd NATO Championship 2024"]
[Site "Rhodes"]
[Date "2024.10.23"]
[Round "4.4"]
[White "Stein, Robert"]
[Black "Pavlidis, Anastasios"]
[Result "1-0"]
[ECO "E92"]
[WhiteElo "2409"]
[BlackElo "2279"]
[Annotator "RC"]
[PlyCount "99"]
[EventDate "2024.09.18"]
[EventType "swiss"]
[EventCountry "GRE"]
[SourceTitle "playchess.com"]
[Source "ChessBase"]
[SourceQuality "1"]
[TimeControl "5400+30"]

1. Nf3 Nf6 2. c4 g6 3. Nc3 Bg7 4. d4 O-O 5. e4 d6 6. Be2 e5 7. Be3 exd4 8. Nxd4 Re8 9. f3 c6 10. Bf2 d5 11. exd5 cxd5 12. O-O Nc6 13. c5 Nh5 14. Qd2 Be5 15. g3 Ng7 16. Bb5 Bd7 17. Bxc6 bxc6 18. Nce2 a5 19. Rac1 a4 20. b4 axb3 21. axb3 Ra3 22. b4 Qa8 23. Nc3 Ne6 24. Nxe6 Bxe6 25. Bd4 Bxd4+ 26. Qxd4 Rb3 27. Ra1 Qb7 28. Rab1 Rxb1 29. Rxb1 Qa6 30. g4 Qc4 31. Qxc4 dxc4 32. Kf2 Kf8 33. b5 cxb5 34. Rxb5 Rc8 35. Ke3 Ke7 36. Rb7+ Kd8 37. Kd4 Ra8 38. c6 Ra3 39. g5 Rb3 40. Ra7 Kc8 41. h4 Kb8 42. Re7 Kc8 43. f4 Kd8 44. Ra7 Kc8 45. Ne4 Kb8 46. Re7 c3 47. c7+ Ka8 48. Rxe6 Kb7 49. Rc6 Rb4+ 50. Kxc3 1-0

[Event "34rd NATO Championship 2024"]
[Site "Rhodes"]
[Date "2024.10.23"]
[Round "4.5"]
[White "Jacob, Tobias"]
[Black "Pedersen, Finn"]
[Result "0-1"]
[ECO "D12"]
[WhiteElo "2073"]
[BlackElo "2282"]
[Annotator "RC"]
[PlyCount "112"]
[EventDate "2024.09.18"]
[EventType "swiss"]
[EventCountry "GRE"]
[SourceTitle "playchess.com"]
[Source "ChessBase"]
[SourceQuality "1"]
[TimeControl "5400+30"]

1. d4 d5 2. c4 c6 3. Nf3 Nf6 4. e3 Bf5 5. Bd3 Bxd3 6. Qxd3 e6 7. Nbd2 Nbd7 8. O-O Be7 9. b3 O-O 10. Bb2 a5 11. a3 Qb8 12. Rad1 Re8 13. e4 dxe4 14. Nxe4 Rd8 15. Nc3 Nf8 16. Qe2 Ng6 17. g3 Bf8 18. Rd2 Qc7 19. Rfd1 Qb6 20. Rb1 Rd7 21. Qd1 Rad8 22. Kg2 e5 23. dxe5 Rxd2 24. Nxd2 Nxe5 25. Na4 Qc7 26. Qe2 Re8 27. Ne4 Nxe4 28. Qxe4 Re6 29. Qc2 Ng6 30. Rd1 h5 31. Qd3 b5 32. cxb5 Rd6 33. Qc2 Rxd1 34. Qxd1 cxb5 35. Nc3 Bxa3 36. Nd5 Qd6 37. Bxa3 Qxa3 38. Qxh5 Qxb3 39. Qf5 Qc4 40. Qd7 Qe4+ 41. Kg1 a4 42. Qc8+ Nf8 43. Qd8 f6 44. Ne7+ Kf7 45. Nc8 Qc6 46. Nd6+ Kg8 47. Qe7 Qd5 48. Nc8 Qe6 49. Qc5 a3 50. Qxb5 a2 51. Qa5 Qc4 52. Kg2 Qc6+ 53. f3 Qc2+ 54. Kg1 Qd1+ 55. Kg2 a1=Q 56. Ne7+ Kf7 0-1

[Event "34rd NATO Championship 2024"]
[Site "Rhodes"]
[Date "2024.10.23"]
[Round "4.6"]
[White "Helbig, Mark"]
[Black "Michalowski, Patryk"]
[Result "0-1"]
[ECO "A46"]
[WhiteElo "2280"]
[BlackElo "2054"]
[Annotator "RC"]
[PlyCount "76"]
[EventDate "2024.09.18"]
[EventType "swiss"]
[EventCountry "GRE"]
[SourceTitle "playchess.com"]
[Source "ChessBase"]
[SourceQuality "1"]
[TimeControl "5400+30"]

1. Nf3 d5 2. g3 Nf6 3. Bg2 e6 4. O-O Be7 5. d4 b5 6. a4 b4 7. c4 bxc3 8. bxc3 Bb7 9. Nbd2 Nbd7 10. Rb1 Rb8 11. c4 dxc4 12. Rxb7 Rxb7 13. Ne5 Nxe5 14. Bxb7 Qxd4 15. Qc2 Bb4 16. Nf3 Nxf3+ 17. Bxf3 O-O 18. Be3 Qd6 19. Bxa7 Qa6 20. Bd4 Rd8 21. Rd1 c5 22. Be5 Rxd1+ 23. Qxd1 Qc8 24. Bb7 Qe8 25. Ba6 c3 26. Bb5 Qa8 27. Qc2 Qe4 28. Qxe4 Nxe4 29. Bd3 Nd2 30. Bc7 Nb3 31. e3 c4 32. Bb1 Na1 33. a5 c2 34. Bxc2 Nxc2 35. Bb6 Na3 36. a6 Nb5 37. Kf1 c3 38. e4 c2 0-1

[Event "34rd NATO Championship 2024"]
[Site "Rhodes"]
[Date "2024.10.23"]
[Round "4.7"]
[White "Alainis, Artis"]
[Black "Pavlidou, Ekaterini"]
[Result "1/2-1/2"]
[ECO "B21"]
[WhiteElo "1937"]
[BlackElo "2153"]
[Annotator "RC"]
[PlyCount "47"]
[EventDate "2024.09.18"]
[EventType "swiss"]
[EventCountry "GRE"]
[SourceTitle "playchess.com"]
[Source "ChessBase"]
[SourceQuality "1"]
[TimeControl "5400+30"]

1. e4 c5 2. Be2 Nc6 3. f4 g6 4. Nf3 Bg7 5. O-O d6 6. d3 Rb8 7. a4 a6 8. Nc3 b5 9. axb5 axb5 10. Nd5 e6 11. Ne3 Nge7 12. c3 d5 13. Qe1 h5 14. Kh1 d4 15. cxd4 cxd4 16. Nc2 b4 17. Bd2 Qb6 18. b3 Qc5 19. Qf2 Qxc2 20. Rfc1 Qxb3 21. Rcb1 Qc2 22. Rc1 Qb3 23. Rcb1 Qc2 24. Rc1 1/2-1/2

[Event "34rd NATO Championship 2024"]
[Site "Rhodes"]
[Date "2024.10.23"]
[Round "4.8"]
[White "Jeselson, Andrew"]
[Black "Casteleijn, Diederick"]
[Result "1-0"]
[ECO "B31"]
[WhiteElo "1858"]
[BlackElo "2128"]
[Annotator "RC"]
[PlyCount "79"]
[EventDate "2024.09.18"]
[EventType "swiss"]
[EventCountry "GRE"]
[SourceTitle "playchess.com"]
[Source "ChessBase"]
[SourceQuality "1"]
[TimeControl "5400+30"]

1. e4 c5 2. Nf3 Nc6 3. Bb5 Nf6 4. Bxc6 dxc6 5. d3 g6 6. h3 Bg7 7. Nc3 O-O 8. O-O b6 9. Bf4 Ne8 10. e5 Nc7 11. Re1 Ne6 12. Qd2 Nd4 13. Nxd4 cxd4 14. Ne4 Qd5 15. Ng3 c5 16. b3 Bb7 17. f3 Rfe8 18. h4 b5 19. h5 c4 20. Re2 Rac8 21. Rae1 cxd3 22. cxd3 Rc6 23. Bh6 Rec8 24. Bxg7 Kxg7 25. Qg5 Qe6 26. hxg6 fxg6 27. Kf2 h6 28. Qh4 Rd8 29. Ne4 Rf8 30. Rh1 h5 31. Ng3 Qf7 32. Qg5 Rh8 33. Rxh5 Rxh5 34. Nxh5+ Kg8 35. Ng3 Rc3 36. Rd2 a5 37. Qh4 Qd5 38. Qxe7 Rc8 39. Ne4 Qf7 40. Qxf7+ 1-0

[Event "34rd NATO Championship 2024"]
[Site "Rhodes"]
[Date "2024.10.23"]
[Round "4.9"]
[White "Tetepoulidis, Ioannis"]
[Black "Skwarczynski, Marcin"]
[Result "1/2-1/2"]
[ECO "C10"]
[WhiteElo "2100"]
[BlackElo "1940"]
[Annotator "RC"]
[PlyCount "158"]
[EventDate "2024.09.18"]
[EventType "swiss"]
[EventCountry "GRE"]
[SourceTitle "playchess.com"]
[Source "ChessBase"]
[SourceQuality "1"]
[TimeControl "5400+30"]

1. e4 e6 2. d4 d5 3. Nd2 dxe4 4. Nxe4 Nf6 5. Nxf6+ Qxf6 6. Nf3 h6 7. h4 c5 8. c3 Qd8 9. Be3 cxd4 10. Qxd4 Qxd4 11. Nxd4 a6 12. a4 e5 13. Nf3 Bd6 14. Nd2 Be6 15. Bc4 Ke7 16. O-O-O Nd7 17. h5 Rac8 18. Bxe6 Kxe6 19. g4 Nf6 20. f3 Bc5 21. Bxc5 Rxc5 22. Nb3 Rd5 23. Rxd5 Kxd5 24. Rd1+ Kc6 25. Na5+ Kc7 26. Nc4 e4 27. fxe4 Nxe4 28. Rf1 Rf8 29. a5 Nc5 30. Kc2 Nd7 31. b4 g6 32. Ne3 gxh5 33. gxh5 f6 34. Rg1 Re8 35. Nc4 Re2+ 36. Kd3 Rh2 37. Rg7 Kd8 38. Nd6 Rxh5 39. Nxb7+ Kc8 40. Nd6+ Kd8 41. c4 Ne5+ 42. Ke4 Nc6 43. Rb7 Re5+ 44. Kf4 Re1 45. Nf7+ Kc8 46. Nd6+ Kd8 47. Kf5 Rf1+ 48. Ke6 Re1+ 49. Kxf6 h5 50. Nf7+ Kc8 51. Nd6+ Kd8 52. Kg5 Rd1 53. c5 Rb1 54. Kxh5 Rxb4 55. Rb6 Kc7 56. Kg6 Ra4 57. Rb7+ Kd8 58. Kf6 Nxa5 59. Rh7 Ra1 60. Ke6 Re1+ 61. Kd5 Rd1+ 62. Ke4 Nc6 63. Nb7+ Kc8 64. Nd6+ Kd8 65. Rb7 a5 66. Rb6 Kd7 67. Rb7+ Kd8 68. Nb5 Rd2 69. Na7 Nxa7 70. Rxa7 Rd1 71. Ke5 a4 72. Rxa4 Kc7 73. Ra6 Rc1 74. Kd5 Rd1+ 75. Kc4 Rc1+ 76. Kd4 Rd1+ 77. Ke3 Rc1 78. Ra5 Kc6 79. Kd4 Rd1+ 1/2-1/2

[Event "34rd NATO Championship 2024"]
[Site "Rhodes"]
[Date "2024.10.23"]
[Round "4.10"]
[White "Van Drie, Rik"]
[Black "Pietruszewski, Marcin"]
[Result "0-1"]
[ECO "D32"]
[WhiteElo "2013"]
[BlackElo "2174"]
[Annotator "RC"]
[PlyCount "64"]
[EventDate "2024.09.18"]
[EventType "swiss"]
[EventCountry "GRE"]
[SourceTitle "playchess.com"]
[Source "ChessBase"]
[SourceQuality "1"]
[TimeControl "5400+30"]

1. c4 e6 2. Nc3 d5 3. d4 c5 4. cxd5 exd5 5. Nf3 Nf6 6. Bg5 Be6 7. e3 Nc6 8. Be2 Be7 9. dxc5 Bxc5 10. O-O O-O 11. Rc1 Be7 12. Nd4 Rc8 13. Bf3 Ne5 14. Qa4 Nd3 15. Rc2 Bd7 16. Qxa7 Ra8 17. Qxb7 Nc5 18. Nc6 Nxb7 19. Nxd8 Bxd8 20. Bf4 Be6 21. a3 Be7 22. Nb5 Nc5 23. Rfc1 Nd3 24. Rd1 Nxf4 25. exf4 Rfb8 26. Nc7 Ra4 27. f5 Bxf5 28. Re2 Be4 29. Nxd5 Bxd5 30. Bxd5 Nxd5 31. Rxd5 Bxa3 32. h3 Bf8 0-1